 Dungeon Crawl Stone Soup version 0.29.0-4-gdea44cf6ec (webtiles) character file.

Game seed: 4766173621857536750

82 qw the Chopper (level 4, -1/26 HPs)
             Began as a Tengu Warper on Aug 28, 2022.
             Slain by a gnoll
             ... wielding a +0 flail
              (10 damage)
             ... on level 3 of the Dungeon.
             The game lasted 00:00:11 (2287 turns).

qw the Chopper (Tengu Warper)                       Turns: 2287, Time: 00:00:12

Health: -1/26      AC:  3    Str: 14    XL:     4   Next: 43%
Magic:  8/8        EV: 11    Int: 13    God:
Gold:   86         SH:  4    Dex: 13    Spells: 7/7 levels left

rFire   . . .      SeeInvis .   Y - +3 hand axe
rCold   . . .      Faith    .   c - +0 buckler
rNeg    . . .      Spirit   .   b - +0 leather armour
rPois   .          Reflect  .   (helmet restricted)
rElec   .          Harm     .   (no cloak)
rCorr   .          Rampage  .   (no gloves)
Will    .....                   (boots unavailable)
Stlth   +.........              (no amulet)
HPRegen 0.08/turn               (no ring)
MPRegen 0.11/turn               (no ring)

@: no status effects
A: beak, talons 3
a: no special abilities


You were on level 3 of the Dungeon.
You visited 1 branch of the dungeon, and saw 3 of its levels.

You collected 86 gold pieces.


Innate Abilities, Weirdness & Mutations

You have a beak for a mouth.
You have claws for feet.


   Skills:
 - Level 2.0 Fighting
 + Level 4.8 Axes
 - Level 1.0 Throwing
 - Level 1.1 Armour
 - Level 2.1 Dodging
 - Level 1.0 Shields
 - Level 2.0 Spellcasting
 - Level 2.4 Translocations


You had 7 spell levels left.
You didn't know any spells.
Your spell library contained the following spells:

 Spells                   Type           Power      Damage    Failure   Level
 Blink                    Tloc           14%        N/A       24%         2
 Gell's Gravitas          Tloc           7%         N/A       43%         3
 Lesser Beckoning         Tloc           7%         N/A       43%         3
 Teleport Other           Tloc           7%         N/A       43%         3
 Manifold Assault         Tloc           7%         N/A       99%         5

Inventory:

Hand Weapons
 l - a +0 whip
 Y - a +3 hand axe (weapon)
Missiles
 j - 3 javelins (quivered)
Armour
 b - a +0 leather armour (worn)
 c - a +0 buckler (worn)
Jewellery
 g - a ring of resist corrosion
Scrolls
 i - a scroll of identify
Potions
 a - a potion of resistance {unknown}
 d - a potion of heal wounds {unknown}
 e - a potion of lignification {unknown}
 f - a potion of brilliance {unknown}
 h - a potion of berserk rage {unknown}
 k - a potion of mutation {unknown}
 m - a potion of flight {unknown}
 n - 2 potions of cancellation {unknown}

Dungeon Overview and Level Annotations

Branches:
Dungeon (3/15)

Altars:

Shops:
D:1 *   D:2 :


Message History

The ball python hisses angrily.
The javelin pierces through the ball python!
You kill the ball python!
Found 5 stones.
j - 3 javelins (gained 1)
You see here a frilled lizard corpse.
An endoplasm comes into view.
Throw: 3 javelins
Press: ? - help, Q - select action Shift-Dir - straight line, f - endoplasm You throw a javelin.
The javelin pierces through the endoplasm.
The endoplasm is severely wounded.
Throw: 2 javelins
Press: ? - help, Q - select action Shift-Dir - straight line, f/p - endoplasm You throw a javelin.
The javelin pierces through the endoplasm!
You kill the endoplasm!
j - 2 javelins (gained 1)
You see here a ball python corpse.
j - 3 javelins (gained 1)
j - 4 javelins (gained 1)
n - 2 ruby potions (gained 1)
An endoplasm comes into view.
2279 ||| Stepping ~*~*~tactically~*~*~ (stealth).
An endoplasm and a gnoll come into view.
The endoplasm quivers.
Throw: 4 javelins
Press: ? - help, Q - select action Shift-Dir - straight line, f - gnoll You throw a javelin.
The javelin barely misses the gnoll.
A gnoll comes into view. It is wielding a +0 club.
2283 ||| Stepping ~*~*~tactically~*~*~ (stealth).
You hit the gnoll but do no damage. The gnoll hits you with a +0 flail!
You closely miss the gnoll. You peck the gnoll.
The gnoll is moderately wounded.
The gnoll hits you with a +0 flail!
You slash the gnoll!
The gnoll is severely wounded.
The gnoll hits you with a +0 flail!
You die...

#..............#
#.#...####.###.#
# #%..# #.# #..
#.#...####.# ###
#.#.#........#
#............##
###.#..........
###.##.#####.##
#........@.# #
.....##.###g#
.#.. ...# #J#
###.#### #.# #
#.# ..# ... g..


You could see a gnoll and an endoplasm.

Vanquished Creatures
  An adder (D:2)
  A worm (D:2)
  A dart slug (D:2)
  2 orcs (D:2)
  9 ball pythons
  9 endoplasms
  2 giant cockroaches
  6 goblins (D:1)
  4 hobgoblins
  4 jackals
  A quokka (D:2)
  6 bats
  A frilled lizard (D:3)
  7 kobolds
  5 rats
59 creatures vanquished.

Vanquished Creatures (others)
  An orc (D:3)
1 creature vanquished.

Grand Total: 60 creatures vanquished

Notes
Turn   | Place    | Note
-------+----------+-------------------------------------------
     0 | D:1      | qw the Tengu Warper began the quest for the Orb.
     0 | D:1      | Reached XP level 1. HP: 12/12 MP: 4/4
     0 | D:1      | 0 ||| qw: Version: 0.1-a-89-g26bdef1
     0 | D:1      | 0 ||| qw: Game counter: 2384
     0 | D:1      | 0 ||| qw: Always use a shield: true
     0 | D:1      | 0 ||| qw: God list: Okawaru
     0 | D:1      | 0 ||| qw: Allow faded altars: false
     0 | D:1      | 0 ||| qw: Do Orc after D:15 true
     0 | D:1      | 0 ||| qw: Do second Lair branch before Depths: true
     0 | D:1      | 0 ||| qw: Lair rune preference: random
     0 | D:1      | 0 ||| qw: Plans: Normal
     0 | D:1      | 0 ||| PLANNING D:1-11
    82 | D:1      | 82 ||| Stepping ~*~*~tactically~*~*~ (stealth).
    84 | D:1      | 84 ||| Stepping ~*~*~tactically~*~*~ (stealth).
    87 | D:1      | 87 ||| Stepping ~*~*~tactically~*~*~ (stealth).
    89 | D:1      | 89 ||| Stepping ~*~*~tactically~*~*~ (stealth).
    91 | D:1      | 91 ||| Stepping ~*~*~tactically~*~*~ (stealth).
   102 | D:1      | Reached XP level 2. HP: 17/17 MP: 6/6
   106 | D:1      | Reached skill level 3 in Axes
   151 | D:1      | 151 ||| Stepping ~*~*~tactically~*~*~ (stealth).
   152 | D:1      | 152 ||| Stepping ~*~*~tactically~*~*~ (stealth).
   198 | D:1      | Found Lumpof's General Store.
   224 | D:1      | 224 ||| SHOPLISTING +0 chain mail (54 gold, have 10).
   250 | D:1      | 250 ||| Stepping ~*~*~tactically~*~*~ (stealth).
   414 | D:1      | Reached XP level 3. HP: 21/21 MP: 7/7
   804 | D:1      | 804 ||| DROPPING +0 club.
   817 | D:1      | Found a faded altar of an unknown god.
   874 | D:1      | 874 ||| READING scroll labelled SOUTUR MUILIUWK.
   875 | D:1      | 875 ||| READING scroll labelled XUENOH MATSUAZ.
   876 | D:1      | 876 ||| READING 2 scrolls labelled BEUXZO CACHAO.
   877 | D:1      | 877 ||| DRINKING 2 sedimented green potions.
   878 | D:1      | 878 ||| DROPPING scroll of blinking.
   879 | D:1      | 879 ||| DROPPING potion of attraction.
   896 | D:1      | Reached skill level 4 in Axes
  1132 | D:2      | Found Nuixtit's Book Shop.
  1153 | D:2      | 1153 ||| Stepping ~*~*~tactically~*~*~ (stealth).
  1163 | D:2      | 1163 ||| Stepping ~*~*~tactically~*~*~ (hiding).
  1164 | D:2      | 1164 ||| Stepping ~*~*~tactically~*~*~ (hiding).
  1335 | D:2      | 1335 ||| Stepping ~*~*~tactically~*~*~ (stealth).
  1413 | D:2      | HP: 2/21 [worm (4)]
  1782 | D:2      | Reached XP level 4. HP: 23/26 MP: 8/8
  1900 | D:2      | 1900 ||| SWAPPING to +3 hand axe.
  1903 | D:2      | 1903 ||| DROPPING +0 hand axe.
  2055 | D:2      | 2055 ||| UPGRADING to +0 buckler.
  2060 | D:2      | 2060 ||| READING 2 scrolls labelled PATZUTIFAU.
  2061 | D:2      | 2061 ||| READING 2 scrolls of identify.
  2061 | D:2      | 2061 ||| IDENTIFYING white potion
  2062 | D:2      | 2062 ||| DROPPING potion of degeneration.
  2063 | D:2      | 2063 ||| DROPPING scroll of vulnerability.
  2131 | D:3      | 2131 ||| Stepping ~*~*~tactically~*~*~ (stealth).
  2247 | D:3      | Reached skill level 1 in Shields
  2279 | D:3      | 2279 ||| Stepping ~*~*~tactically~*~*~ (stealth).
  2283 | D:3      | 2283 ||| Stepping ~*~*~tactically~*~*~ (stealth).
  2287 | D:3      | Slain by a gnoll

Levels and vault maps discovered:
D:1:      kilobyte_arrival_exit_the_forest, layout_loops_ring,
          hellmonk_ecumenical_altar_leap_of_faith, serial_shops, shop
D:2:      layout_loops_cross, serial_shops, nicolae_shop_behind_doors,
          patterned_corridor
D:3:      layout_loops_ring, nicolae_kikubaaqudgha_miasma_corner,
          biasface_ghost_orc_armoury

Skill      XL: |  1  2  3  4 |
---------------+-------------+-----
Axes           | 3 4 |  4.8
Shields        | 1 |  1.0
Fighting       | |  2.0
Throwing       | |  1.0
Armour         | |  1.1
Dodging        | |  2.1
Spellcasting   | |  2.0
Translocations | |  2.4

Action                   |  1- 3 |  4- 6 || total
-------------------------+-------+-------++-------
Melee: Hand axe          |    48 |    11 ||    59
       Kick              |    12 |     1 ||    13
       Peck              |     4 |     2 ||     6
Throw: Boomerang         |     7 |       ||     7
       Javelin           |    27 |    23 ||    50
  Use: Scroll            |     3 |     2 ||     5
       Potion            |     1 |       ||     1
Armor: Leather armour    |    14 |       ||    14
Dodge: Dodged            |    16 |     5 ||    21

Table legend:
 A = Non-vault XP
 B = Vault XP
 C = Vault XP percentage of total XP
 D = Non-vault monster count
 E = Vault monster count
 F = Vault count percentage of total count
                 A         B        C        D         E       F
            +---------+---------+-------+---------+---------+-------
      Total |     118 |       0 |   0.0 |      59 |       0 |   0.0
            +---------+---------+-------+---------+---------+-------
        D:1 |      45 |       0 |   0.0 |      27 |       0 |   0.0
        D:2 |      49 |       0 |   0.0 |      19 |       0 |   0.0
        D:3 |      24 |       0 |   0.0 |      13 |       0 |   0.0
            +---------+---------+-------+---------+---------+-------
